AoeStats
← Elmaynard

Arabia

510096031Analyzed
1v1 RM · 4d ago on Sep 29, 2026· 21m 51s· 2 players
Game mode
Random Map
Map size
Tiny (2 player)
Population
200
Speed
Normal
Resources
Standard
Victory
Conquest
Starting age
Dark Age
Ending age
Imperial Age
RankedLock teamsTeams togetherTeam positionsShared explorationLock speedFull tech treeHidden civsTurbo modeCheats
Victory
Defeat
🇬🇧 Vietnamese · United Kingdom
1026
+15
🇦🇷 Bulgarians · Argentina
1000
-45
Elmaynard
7:08 Loom
10:12 Feudal Age
11:30 Wheelbarrow
12:03 Horse Collar
15:55 Double-Bit Axe
18:47 Padded Archer Armor
18:38 Fletching
How do I play this?
5:04 Loom
10:13 Feudal Age
11:03 Double-Bit Axe
11:01 Horse Collar
14:39 Fletching
19:43 Castle Age
18:28 Padded Archer Armor
19:52 Crossbowman
20:27 Bodkin Arrow
21:43 Leather Archer Armor
Connection lost

Rejoining the realm…

Still unreachable

The connection could not be restored.

Session expired

The server has moved on; the page needs a fresh start.